 Dungeon Crawl Stone Soup version 0.28-a0-863-g8cecda6153 (webtiles) character file.

Game seed: 1293329899880132160

3364 frimble the Grappler (level 9, 0/88 HPs)
             Began as a Troll Warper on Nov 18, 2021.
             Slain by a two-headed ogre (30 damage)
             ... on level 7 of the Dungeon.
             The game lasted 00:06:30 (4960 turns).

frimble the Grappler (Troll Warper)                 Turns: 4960, Time: 00:06:31

Health: 0/88       AC:  5    Str: 21    XL:     9   Next: 73%
Magic:  9/9        EV:  9    Int: 12    God:
Gold:   337        SH:  0    Dex:  9    Spells: 8/10 levels left

rFire   . . .      SeeInvis .     - Unarmed
rCold   . . .      Faith    .   (no shield)
rNeg    . . .      Spirit   .   a - +1 robe
rPois   .          Reflect  .   (helmet restricted)
rElec   .          Harm     .   (no cloak)
rCorr   .          Rampage  .   (gloves unavailable)
Will    .....                   (boots unavailable)
Stlth   +.........              (no amulet)
HPRegen 1.24/turn               (no ring)
MPRegen 0.11/turn               (no ring)

@: no status effects
A: large, unfitting armour, claws 3, regeneration 1, shaggy fur 1, tough skin 1
a: no special abilities


You were on level 7 of the Dungeon.
You visited 1 branch of the dungeon, and saw 8 of its levels.

You collected 337 gold pieces.

Inventory:

Missiles
 c - 5 boomerangs of dispersal (quivered)
Armour
 a - a +1 robe (worn)
Jewellery
 s - a ring of flight
Wands
 f - a wand of flame (1)
Scrolls
 b - 2 scrolls of blinking
 d - a scroll of identify
 e - 2 scrolls of vulnerability
 j - 3 scrolls of amnesia
 k - 2 scrolls of magic mapping
 n - a scroll of teleportation
 p - a scroll of enchant weapon
Potions
 g - a potion of brilliance
 h - a potion of cancellation
 i - a potion of flight
 l - 3 potions of resistance
 m - 4 potions of curing
 q - a potion of lignification
 r - a potion of berserk rage


   Skills:
 - Level 5.0 Fighting
 - Level 0.8 Throwing
 - Level 1.9 Dodging
 + Level 9.2 Unarmed Combat
 - Level 1.2 Spellcasting
 - Level 5.0 Translocations
 + Level 5.0 Evocations


You had 8 spell levels left.
You knew the following spells:

 Your Spells              Type           Power      Damage    Failure   Level
a - Blink                 Tloc           24%        N/A       6%          2

Your spell library contained the following spells:

 Spells                   Type           Power      Damage    Failure   Level
 Gell's Gravitas          Tloc           12%        N/A       12%         3
 Lesser Beckoning         Tloc           12%        N/A       12%         3
 Teleport Other           Tloc           12%        N/A       12%         3
 Slow                     Hex            0%         N/A       30%         1
 Confusing Touch          Hex            0%         N/A       65%         3
 Vampiric Draining        Necr           0%         2d6       65%         3
 Manifold Assault         Tloc           12%        N/A       71%         5
 Fireball                 Conj/Fire      0%         3d3       100%        5
 Starburst                Conj/Fire      0%         6d3       100%        6
 Ignition                 Fire           0%         3d3       100%        8


Dungeon Overview and Level Annotations

Branches:
Dungeon (8/15)             Temple (0/1) D:4
   Lair: D:8-11

Altars:
Fedhas
Hepliaklqana
Nemelex Xobeh
Ru
Uskayaw
Zin

Annotations:
D:5 1 transporter, freelancePsychic's ghost, novice VSFi


Innate Abilities, Weirdness & Mutations

You are too large for most types of armour.
You have claws for hands.
Your natural rate of healing is unusually fast.
You are covered in fur. (AC +1)
You have tough skin. (AC +1)


Message History

The two-headed ogre is heavily wounded.
A steam dragon comes into view.
Aiming: Throw Flame
Press: ? - help, Shift-Dir - straight line, f/p - two-headed ogre
Aim: a two-headed ogre, wielding two +0 giant clubs (heavily wounded, covered in acid, 86% to hit)
The puff of flame misses the two-headed ogre.
A howler monkey comes into view.
You claw the two-headed ogre!
The two-headed ogre is severely wounded.
The howler monkey hoots and howls with incredible vigour!
The two-headed ogre barely misses you.
The two-headed ogre hits you with a +0 giant club!!
You hear a howl!
You claw the two-headed ogre!
The two-headed ogre is almost dead.
A howler monkey comes into view.
You barely miss the two-headed ogre.
The two-headed ogre is almost dead.
The two-headed ogre hits you with a +0 giant club!!
The two-headed ogre hits you with a +0 giant club!
* * * LOW HITPOINT WARNING * * *
You mangle the two-headed ogre!!
You kill the two-headed ogre!
The howler monkey hoots and howls with incredible vigour!
You hear a shout!
Your Unarmed Combat skill increases to level 9!
Your Evocations skill increases to level 5!
Unknown command.
The howler monkey hoots and howls with incredible vigour! x3
A killer bee zombie comes into view.
The howler monkey hoots and howls with incredible vigour!
There is a stone staircase leading up here.
You climb upwards.
The two-headed ogre misses you.
The two-headed ogre hits you with a +0 giant club.
The centaur skeleton hits you but does no damage.
The centaur skeleton kicks you but does no damage.
The centaur skeleton hits you.
The centaur skeleton kicks you but does no damage.
The two-headed ogre hits you with a +0 giant club!!
You die...

##. ##.##... .. ...###...#..
.<##. ...........##....#
.........>.#.....#
................. .
...............##...#
...............#.... ..
........@O......... . #.###
........Z.....#...
>##...#...............#..##
.#....#.......Z.......#...#
..................###.#..<##.###
...............................#
..............###.........#..###
....<....W.#.# #.##.##...####
...§Z......#. #..... ##..#


You could see a two-headed ogre, a phantom, a killer bee zombie and a centaur
skeleton.

Vanquished Creatures
  A two-headed ogre (D:8)
  An ugly thing (D:6)
  Grinder (D:6)
  Prince Ribbit (D:6)
  Menkaure (D:4)
  A steam dragon (D:7)
  A sky beast (D:6)
  An ice beast (D:6)
  2 necrophages (D:6)
  3 ogres
  2 black bears
  A centaur (D:5)
  2 bullfrogs (D:6)
  A scorpion (D:6)
  2 howler monkeys (D:6)
  A bullfrog zombie (D:6)
  2 hounds
  A jelly (D:5)
  An orc priest (D:4)
  A bullfrog skeleton (D:5)
  A gnoll shaman (D:7)
  2 iguanas (D:4)
  Ijyb (D:3)
  3 orc wizards
  A killer bee zombie (D:5)
  2 hound skeletons (D:4)
  3 gnolls (D:7)
  9 adders
  A shadow imp (D:5)
  A white imp (D:7)
  A worm (D:2)
  A dart slug (D:1)
  11 orcs
  8 bats
  8 endoplasms
  3 giant cockroaches
  6 goblins
  5 hobgoblins
  4 jackals (D:2)
  4 quokkas
  10 ball pythons
  2 frilled lizards
  6 kobolds
  5 rats
125 creatures vanquished.

Vanquished Creatures (others)
  An orc wizard (D:4)
1 creature vanquished.

Grand Total: 126 creatures vanquished

Notes
Turn   | Place    | Note
-------+----------+-------------------------------------------
     0 | D:1      | frimble the Troll Warper began the quest for the Orb.
     0 | D:1      | Reached XP level 1. HP: 19/19 MP: 1/1
   223 | D:1      | Reached XP level 2. HP: 28/28 MP: 2/2
   641 | D:2      | Reached XP level 3. HP: 24/35 MP: 3/3
   837 | D:2      | Noticed a great orb of eyes
   840 | D:2      | Found a faded altar of an unknown god.
   842 | D:2      | Noticed a shining eye
   842 | D:2      | Noticed an eye of devastation
   842 | D:2      | Noticed a floating eye
  1056 | D:2      | Reached XP level 4. HP: 44/44 MP: 4/4
  1199 | D:2      | Reached skill level 3 in Unarmed Combat
  1456 | D:3      | Noticed an ogre
  1460 | D:3      | Learned a level 2 spell: Blink
  1467 | D:3      | Killed an ogre
  1468 | D:3      | Reached XP level 5. HP: 43/52 MP: 5/5
  1515 | D:3      | Noticed Ijyb
  1522 | D:3      | Killed Ijyb
  2231 | D:4      | Found a staircase to the Ecumenical Temple.
  2277 | D:4      | Noticed a black bear
  2338 | D:4      | Reached skill level 4 in Unarmed Combat
  2338 | D:4      | Reached XP level 6. HP: 58/61 MP: 6/6
  2388 | D:4      | Identified the +1 scale mail "Muunk" {rN+ Int+7}
  2508 | D:4      | Noticed Menkaure
  2514 | D:4      | Killed Menkaure
  2515 | D:4      | Reached XP level 7. HP: 41/68 MP: 7/7
  2855 | D:5      | Entered Level 5 of the Dungeon
  2888 | D:5      | Reached skill level 5 in Unarmed Combat
  3007 | D:5      | Identified the +2 flail of Oskoog {distort, *Noise rElec
                  | rPois}
  3030 | D:5      | Found a transporter.
  3032 | D:5      | Noticed freelancePsychic's ghost (novice VSFi)
  3034 | D:5      | Identified the +10 great mace of Oruitwom {vamp, Fly rC+
                  | Str+5 Dex-4}
  3350 | D:5      | Reached XP level 8. HP: 43/79 MP: 8/8
  3925 | D:6      | Found a sparkling altar of Nemelex Xobeh.
  3926 | D:6      | Found a hazy altar of Hepliaklqana.
  3926 | D:6      | Found a glowing silver altar of Zin.
  3928 | D:6      | Found a sacrificial altar of Ru.
  4006 | D:6      | Found a hide-covered altar of Uskayaw.
  4019 | D:6      | Found a blossoming altar of Fedhas.
  4020 | D:6      | Noticed Grinder
  4031 | D:6      | Reached skill level 6 in Unarmed Combat
  4034 | D:6      | Paralysed by Grinder for 6 turns
  4060 | D:6      | Killed Grinder
  4061 | D:6      | Reached skill level 5 in Fighting
  4061 | D:6      | Reached skill level 5 in Translocations
  4061 | D:6      | Reached skill level 1 in Evocations
  4106 | D:6      | Noticed Prince Ribbit
  4123 | D:6      | HP: 3/80 [Prince Ribbit (14)]
  4134 | D:6      | Killed Prince Ribbit
  4147 | D:6      | Reached skill level 7 in Unarmed Combat
  4416 | D:6      | Reached XP level 9. HP: 76/88 MP: 9/9
  4540 | D:6      | Noticed a green ugly thing
  4549 | D:6      | Killed a green ugly thing
  4550 | D:6      | Reached skill level 8 in Unarmed Combat
  4847 | D:7      | Noticed a two-headed ogre
  4945 | D:8      | Noticed a two-headed ogre
  4954 | D:8      | Killed a two-headed ogre
  4955 | D:8      | Reached skill level 9 in Unarmed Combat
  4955 | D:8      | Reached skill level 5 in Evocations
  4960 | D:7      | Slain by a two-headed ogre

Illustrated notes

Levels and vault maps discovered:
D:1:      tarquinn_simple_flora_water_f, layout_loops_cross, minmay_tetromino_s4
D:2:      layout_basic, hellmonk_ecumenical_altar_watching_god
D:3:      layout_loops_ring, palyth_stone_intersect, uniq_ijyb
D:4:      layout_rooms, minmay_temple_entry_tees, nicolae_underground_beach,
          uniq_menkaure
D:5:      layout_loops_corners, gammafunk_ghost_smash,
          chequers_serial_rivers_marsh, kennysheep_small_square
D:6:      layout_basic, mainiacjoe_overflow_large_starburst, minitemple,
          uniq_prince_ribbit1, uniq_grinder
D:7:      layout_cave_pools, nzn_ghost_randoct
D:8:      layout_basic, david_lair_generic, uniq_pikel, uniq_erica

Skill      XL: |  1  2  3  4  5  6  7  8  9 |
---------------+----------------------------+-----
Fighting       | 2 3 4 5 |  5.0
Unarmed Combat | 3 4 5 7 9 |  9.2
Translocations | 3 4 5 |  5.0
Evocations     | 3 5 |  5.0
Throwing       | |  0.8
Dodging        | |  1.9
Spellcasting   | |  1.2

Action                   |  1- 3 |  4- 6 |  7- 9 || total
-------------------------+-------+-------+-------++-------
Melee: Unarmed           |   104 |   170 |   217 ||   491
       Punch             |     1 |     2 |     5 ||     8
 Cast: Blink             |       |       |     2 ||     2
Evoke: Wand              |       |     5 |    11 ||    16
  Use: Scroll            |     1 |     4 |    12 ||    17
       Potion            |       |       |     1 ||     1
 Stab: Sleeping          |       |     1 |       ||     1
Armor: Robe              |    58 |    78 |    73 ||   209
Dodge: Dodged            |    68 |    71 |   101 ||   240

Table legend: (Time is in decaauts)
 A = Elapsed time spent in this place.
 B = Non-inter-level travel time spent in this place.
 C = Inter-level travel time spent in this place.
 D = Time resting spent in this place.
 E = Time spent auto-exploring this place.
 F = Levels seen in this place.
 G = Mean time per level.
                   A        B        C        D        E       F      G
               +--------+--------+--------+--------+--------+-----+--------+
         Total |   4921 |   4696 |    225 |      0 |   3712 |   8 |  615.1 |
       Dungeon |   4921 |   4696 |    225 |      0 |   3712 |   8 |  615.1 |
               +--------+--------+--------+--------+--------+-----+--------+

Top non-repeatable levels by time:
     D:5: 1016 daAuts
     D:6: 984 daAuts
     D:2: 876 daAuts
     D:3: 793 daAuts
     D:4: 626 daAuts
     D:1: 554 daAuts
     D:7: 51 daAuts
     D:8: 18 daAuts
